 Dungeon Crawl Stone Soup version 0.25-a0-353-ged6d54792d (webtiles) character file.

Game seed: 15620679195187885816, levelgen mode: deterministic

37 BritishOli the Slasher (level 3, -2/28 HPs)
             Began as a Demonspawn Gladiator on Jan 2, 2020.
             Slain by a worm (4 damage)
             ... on level 2 of the Dungeon.
             The game lasted 00:00:55 (866 turns).

BritishOli the Slasher (Demonspawn Gladiator)        Turns: 866, Time: 00:00:56

Health: -2/28      AC:  6    Str: 15    XL:     3   Next: 21%
Magic:  0/3        EV: 13    Int:  9    God:
Gold:   59         SH:  0    Dex: 14    Spells: 2/2 levels left

rFire    + . .     SeeInvis .   a - +0 long sword
rCold    . . .     Gourm    .   (no shield)
rNeg     . . .     Faith    .   b - +0 leather armour
rPois    .         Spirit   +   c - +0 helmet
rElec    .         Reflect  .   (no cloak)
rCorr    +         Harm     .   (no gloves)
MR       .....                  k - +1 pair of boots
Stlth    +.........             (no amulet)
HPRegen  0.09/turn              n - ring of resist corrosion
MPRegen  0.08/turn              o - ring of protection from fire

@: no status effects
A: claws 1, magic shield
a: no special abilities


You were on level 2 of the Dungeon.
You were not hungry.

You visited 1 branch of the dungeon, and saw 2 of its levels.

You collected 59 gold pieces.

Inventory:

Hand Weapons
 a - a +0 long sword (weapon)
Missiles
 d - 3 throwing nets (quivered)
Armour
 b - a +0 leather armour (worn)
 c - a +0 helmet (worn)
 k - a +1 pair of boots (worn)
Jewellery
 n - a ring of resist corrosion (left claw)
 o - a ring of protection from fire (right claw)
Scrolls
 g - a scroll of teleportation {unknown}
 l - a scroll of identify {unknown}
 p - a scroll of magic mapping {unknown}
Potions
 e - a potion of lignification {unknown}
 h - a potion of berserk rage {unknown}
 i - 2 potions of curing {unknown}
 j - a potion of haste {unknown}
 m - a potion of agility {unknown}
Comestibles
 f - 3 rations


   Skills:
 + Level 2.4 Fighting
 * Level 3.1 Long Blades
 - Level 2.0 Throwing
 + Level 0.5 Armour
 + Level 3.0 Dodging


You had 2 spell levels left.
You didn't know any spells.
Your spell library was empty.

Dungeon Overview and Level Annotations

Branches:
Dungeon (2/15)

Altars:


Innate Abilities, Weirdness & Mutations

You have sharp fingernails.
When hurt, damage is shared between your health and your magic reserves.


Message History

You are too injured to fight recklessly!
You are too injured to fight recklessly!
There is an open door here.
You hit the rat.
You kill the rat!
You barely miss the worm. You slash the worm!
The worm is moderately wounded.
The worm bites you!
* * * LOW HITPOINT WARNING * * *
You slash the worm!
The worm is severely wounded.
The worm bites you.
* * * LOW HITPOINT WARNING * * *
You hit the worm but do no damage.
The worm is severely wounded.
You hit the worm.
The worm is almost dead.
The worm bites you.
You die...

#... #..# # .#..##.# ..
.#.)...#.# #. #+## .##.##.#
. #. #...## .......# . .###
#.....# .##(#### #.##.##
##.......
..#.#######.#...####........
...........#.>..@w.'........
....(####.###...####........
.....###.## ##.## ##.......
##...##.## ##.# #.....#
#######.## ##.## #...##
##.###..# #+## ##.#.#.......
##.##.###### ####.#


You could see a worm.

Vanquished Creatures
  An ooze (D:1)
  A dart slug (D:1)
  2 bats (D:1)
  2 giant cockroaches (D:1)
  2 goblins
  8 hobgoblins (D:1)
  4 jackals (D:1)
  2 kobolds (D:1)
  A frilled lizard (D:1)
  2 rats
25 creatures vanquished.

Notes
Turn   | Place    | Note
-------+----------+-------------------------------------------
     0 | D:1      | BritishOli the Demonspawn Gladiator began the quest for the
                  | Orb.
     0 | D:1      | Reached XP level 1. HP: 16/16 MP: 1/1
   140 | D:1      | Gained mutation: When hurt, damage is shared between your
                  | health and your magic reserves. [demonic ancestry]
   140 | D:1      | Reached XP level 2. HP: 20/22 MP: 2/2
   395 | D:1      | Gained mutation: You have sharp fingernails. [demonic
                  | ancestry]
   395 | D:1      | Reached XP level 3. HP: 28/28 MP: 3/3
   864 | D:2      | HP: 1/28 [worm (4)]
   866 | D:2      | Slain by a worm

Levels and vault maps discovered:
D:1:      dpeg_arrival_rhombus, layout_basic
D:2:      layout_loops_corners, uniq_crazy_yiuf_cottage, uniq_natasha

Skill      XL: |  1  2 |
---------------+-------+-----
Throwing       | 2 |  2.0
Long Blades    | 3 |  3.1
Dodging        | 3 |  3.0
Fighting       | |  2.4
Armour         | |  0.5

Action                   || total
-------------------------++-------
Melee: Long sword        ||    72
Armor: Leather armour    ||    15
Dodge: Dodged            ||    54
       Rpst.: Long sword ||    18

Table legend:
 A = Non-vault XP
 B = Vault XP
 C = Vault XP percentage of total XP
 D = Non-vault monster count
 E = Vault monster count
 F = Vault count percentage of total count
                 A         B        C        D         E       F
            +---------+---------+-------+---------+---------+-------
      Total |      53 |       0 |   0.0 |      25 |       0 |   0.0
            +---------+---------+-------+---------+---------+-------
        D:1 |      50 |       0 |   0.0 |      23 |       0 |   0.0
        D:2 |       3 |       0 |   0.0 |       2 |       0 |   0.0
            +---------+---------+-------+---------+---------+-------
